 Dungeon Crawl Stone Soup version 0.31.0-12-g77e489cdc1 (webtiles) character file.

Game seed: 31306448136998176

8 Chiseanne the Ducker (level 2, 21/21 HPs)
             Began as a Demonspawn Wanderer on Feb 21, 2024.
             Quit the game on level 1 of the Dungeon.
             The game lasted 00:00:19 (91 turns).

Chiseanne the Ducker (Demonspawn Wanderer)            Turns: 91, Time: 00:00:20

Health: 21/21      AC:  3    Str: 10    XL:     2   Next: 0%
Magic:  2/2        EV: 13    Int: 11    God:
Gold:   20         SH:  0    Dex: 15    Spells: 1/1 levels left

rFire   . . .        a - +2 spear
rCold   . . .        (no shield)
rNeg    . . .        e - +0 robe
rPois   .            (no helmet)
rElec   .            c - +0 cloak
rCorr   .            (no gloves)
SInv    .            (no boots)
Will    .....        (no amulet)
Stlth   ++           (no ring)
HPRegen 0.23/turn    (no ring)
MPRegen 0.08/turn

%: no passive effects
@: no status effects
A: weakness stinger 1
a: no special abilities


You were on level 1 of the Dungeon.
You visited 1 branch of the dungeon, and saw 1 of its levels.

You collected 20 gold pieces.

Inventory:

Hand Weapons
 a - a +2 spear (weapon)
 b - a +0 short sword
Missiles
 g - 5 stones (quivered)
Armour
 c - a +0 cloak (worn)
 e - a +0 robe (worn)
Scrolls
 f - a scroll of teleportation {unknown}
Potions
 d - a potion of lignification


   Skills:
 * Level 1.6 Fighting
 - Level 1.0 Short Blades
 - Level 2.6 Polearms
 - Level 1.0 Armour
 * Level 3.0 Dodging
 - Level 1.0 Stealth


You had one spell level left.
You didn't know any spells.
Your spell library contained the following spells:

 Spells                   Type           Power      Damage    Failure   Level
 Gell's Gravitas          Tloc           0%         N/A       71%         3
 Teleport Other           Tloc           0%         N/A       71%         3
 Vhi's Electric Charge    Tloc/Air       0%         N/A       98%         4
 Arcjolt                  Conj/Air       0%         1d10      100%        5
 Dispersal                Tloc           0%         N/A       100%        6
 Maxwell's Capacitive Co  Air            0%         ∞         100%        8


Dungeon Overview and Level Annotations

Branches:
Dungeon (1/15)

Altars:


Innate Abilities, Weirdness & Mutations

You have a small tail.


Message History

No target in view!
No target in view!
No target in view!
No target in view!
No target in view!
No target in view!
No target in view!
No target in view!
No target in view!
g - 5 stones You pick up a There-And-Back Book and begin reading...
You add the spells Gell's Gravitas, Teleport Other and Dispersal to your library.
A giant cockroach comes into view.
Found a scroll labelled QUNOAM JOHO.
You see here a ball python corpse.
You barely miss the giant cockroach.
The giant cockroach bites you but does no damage.
You hit the giant cockroach.
The giant cockroach is heavily wounded.
The giant cockroach bites you but does no damage.
You hit the giant cockroach but do no damage.
The giant cockroach is heavily wounded.
The giant cockroach misses you.
You closely miss the giant cockroach.
The giant cockroach is moderately wounded.
The giant cockroach bites you but does no damage.
The giant cockroach misses you.
You hit the giant cockroach.
The giant cockroach is heavily wounded.
The giant cockroach closely misses you.
You closely miss the giant cockroach.
The giant cockroach is heavily wounded.
The giant cockroach closely misses you.
You hit the giant cockroach.
You kill the giant cockroach!
Your Dodging skill increases to level 3!
You have reached level 2!
Your demonic ancestry asserts itself...
You grow a small tail.
Are you sure you want to abandon this character and quit the game? (Confirm with "yes".)

#......###...##
#....##.#.##.# #
#....#.....#.########
#.#........#..........##
#.....#.##............#
##......#...........?..
#...........†.....(...
#.....##..............
##.#####......@.......
#. #.......†...... #
##....>.......#
##..........##
..########### ##. #


There were no monsters in sight!

Vanquished Creatures
  2 bats (D:1)
  An endoplasm (D:1)
  2 giant cockroaches (D:1)
  A ball python (D:1)
  A rat (D:1)
7 creatures vanquished.

Notes
Turn   | Place    | Note
-------+----------+-------------------------------------------
     0 | D:1      | Chiseanne the Demonspawn Wanderer began the quest for the
                  | Orb.
     0 | D:1      | Chiseanne set off with the following items: a +2 spear, a
                  | +0 short sword, a +0 cloak, a potion of lignification, a +0
                  | robe.
     0 | D:1      | Reached XP level 1. HP: 15/15 MP: 1/1
    91 | D:1      | Reached skill level 3 in Dodging
    91 | D:1      | Gained mutation: You have a small tail. [demonic ancestry]
    91 | D:1      | Reached XP level 2. HP: 21/21 MP: 2/2
    91 | D:1      | Quit the game

Illustrated notes

Levels and vault maps discovered:
D:1:      reono_arrival_mine, layout_rooms, minmay_tall_x

Skill      XL: |  1 |
---------------+----+-----
Dodging        | 3 |  3.0
Fighting       | |  1.6
Short Blades   | |  1.0
Polearms       | |  2.6
Armour         | |  1.0
Stealth        | |  1.0

Action                     || total
---------------------------++-------
  Melee: Spear             ||    18
   Stab: Sleeping          ||     2
 Armour: Robe              ||     7
  Dodge: Dodged            ||     7
